 Dungeon Crawl Stone Soup version 0.17-a0-1403-g9df874c (webtiles) character file.

324 Raurakos the Slasher (level 6, -1/47 HPs)
             Began as a Formicid Abyssal Knight on June 20, 2015.
             Was a Priest of Lugonu.
             Slain by Menkaure (16 damage)
             ... on level 3 of the Dungeon.
             The game lasted 00:12:18 (4057 turns).

Raurakos the Slasher (Formicid Abyssal Knight)      Turns: 4057, Time: 00:12:19

Health: -1/47      AC:  9    Str: 16    XL:     6   Next: 78%
Magic:  7/7        EV:  7    Int: 12    God:    Lugonu [***...]
Gold:   183        SH:  0    Dex: 14    Spells: 0 memorised, 5 levels left

rFire  . . .     SeeInvis +     a - +1 falchion
rCold  . . .     Clarity  .     i - +0 chain mail
rNeg   . . .     SustAt   .     (no shield)
rPois  .         Gourm    .     (helmet unavailable)
rElec  .         Spirit   .     (no cloak)
rCorr  .         Warding  .     (no gloves)
rMut   .         Stasis   +     u - +0 pair of boots
MR     .....                    (no amulet)
Stlth  ..........               (no ring)
                                m - +2 ring of dexterity

@: flying, not resistant to hostile enchantments, extremely unstealthy
A: permanent stasis, dig shafts and tunnels, four strong arms, antennae 3
a: Dig, Shaft Self, Depart the Abyss, Bend Space, Banish, Renounce Religion


You were on level 3 of the Dungeon.
You worshipped Lugonu.
Lugonu was most pleased with you.
You were hungry.

You visited 1 branch of the dungeon, and saw 4 of its levels.
You visited the Abyss 1 time.

You collected 183 gold pieces.

Inventory:

Hand weapons
 a - a +1 falchion (weapon)
Missiles
 g - 5 tomahawks (quivered)
Armour
 i - a +0 chain mail (worn)
 u - a +0 pair of boots (worn)
Jewellery
 m - a +2 ring of dexterity (left hand)
Magical devices
 p - a wand of flame (28)
Scrolls
 b - 2 scrolls of identify {unknown}
 d - 2 scrolls of remove curse {unknown}
 e - 2 scrolls of fog
 j - a scroll of recharging {unknown}
 k - 2 scrolls of magic mapping
 o - a scroll of teleportation {unknown}
 q - a scroll of immolation {unknown}
 y - a scroll of blinking {unknown}
Potions
 h - a potion of haste
 l - a potion of might
 n - a potion of brilliance {unknown}
 s - a potion of agility {unknown}
 t - a potion of poison {unknown}
 v - a potion of heal wounds {unknown}
 x - 2 potions of flight
 A - a potion of magic {unknown}
Comestibles
 c - 4 bread rations
 r - a meat ration
 w - a beef jerky
 z - 3 chunks of flesh


   Skills:
 - Level 3.2 Fighting
 + Level 6.6 Long Blades
 - Level 2.1 Armour
 - Level 0.8 Dodging
 - Level 2.1 Invocations


You had 5 spell levels left.
You didn't know any spells.

Dungeon Overview and Level Annotations

Branches:
Dungeon (4/15)
 Temple: D:4-7

Altars:

Annotations:
D:3 Menkaure


Innate Abilities, Weirdness & Mutations

You are under a permanent stasis effect.
You can dig through walls and to a lower floor.
Your four strong arms can wield two-handed weapons with a shield.
You have a pair of large antennae on your head (SInv).


Message History

Drink which item? (? for menu, Esc to quit)
It was a potion of flight.
You feel very buoyant.
You fly up into the air.
Menkaure hits you.
* * * LOW HITPOINT WARNING * * *
The orc closely misses you.
Drink which item? (? for menu, Esc to quit)
It was a potion of haste.
Your stasis keeps you stable.
Menkaure hits you.
* * * LOW HITPOINT WARNING * * *
Drink which item? (? for menu, Esc to quit)
You feel better. The orc barely misses you.
You hit Menkaure.
Menkaure is moderately damaged.
The orc closely misses you.
Menkaure casts a spell.
Menkaure seems to speed up.
You barely miss Menkaure.
Menkaure is moderately damaged.
Menkaure hits you!
You die...

#.# # #.# # #.# #
#.# ##### #.#
######.[.)
#.###...####.#
#.#........)..
#####.###...####.#
#@o...............
#M###.####.#.#.#.#
#.# #.# #.....#..
#.# #.# ###.###..
#)# #.# #.# ##.
#.# #.# #.# #.
#.###.### #.# #.
#.##....# #.# ##
#.##....####.#####


You could see Menkaure and an orc.

Vanquished Creatures
  An orc wizard (D:4)
  Jessica (D:3)
  Natasha (twice) (D:4)
  2 worker ants (D:4)
  An iguana (D:4)
  Robin (D:4)
  6 adders
  3 worms
  A giant gecko (D:1)
  7 orcs
  5 giant cockroaches
  11 goblins
  16 hobgoblins
  6 jackals
  A quokka (D:3)
  10 bats
  2 giant newts
  7 kobolds
  5 rats
88 creatures vanquished.

Notes
Turn   | Place    | Note
--------------------------------------------------------------
     0 | Abyss:1  | Raurakos the Formicid Abyssal Knight began the quest for the Orb.
     0 | Abyss:1  | Reached XP level 1. HP: 18/18 MP: 2/2
    56 | Abyss:1  | Found an ancient bone altar of Kikubaaqudgha.
    56 | Abyss:1  | Noticed a tentacled starspawn
    57 | Abyss:1  | Noticed a quasit
    57 | D:1      | Escaped the Abyss
   356 | D:1      | Reached XP level 2. HP: 24/24 MP: 3/3
   416 | D:1      | Acquired Lugonu's first power
   690 | D:1      | Reached XP level 3. HP: 25/29 MP: 4/4
  1226 | D:2      | Reached skill level 4 in Long Blades
  1226 | D:2      | Reached XP level 4. HP: 16/35 MP: 5/5
  1790 | D:3      | Acquired Lugonu's second power
  2154 | D:3      | Reached XP level 5. HP: 39/41 MP: 6/6
  2165 | D:3      | Noticed Jessica
  2168 | D:3      | Killed Jessica
  2168 | D:3      | Reached skill level 5 in Long Blades
  2776 | D:4      | Noticed Natasha
  2780 | D:4      | Noticed Robin
  2966 | D:4      | Reached XP level 6. HP: 11/47 MP: 7/7
  3387 | D:4      | Killed Natasha
  3387 | D:4      | Reached skill level 6 in Long Blades
  3441 | D:4      | Killed Robin
  3553 | D:4      | Acquired Lugonu's third power
  3562 | D:4      | Noticed Natasha
  3989 | D:4      | Killed Natasha
  4042 | D:4      | Noticed Menkaure
  4057 | D:3      | Slain by Menkaure

Vault maps used:
D:1:      wheals_arrival_linesprint
D:2:      serial_curves, eino_curves_01, eino_curves_04
D:3:      first_bread, uniq_jessica
D:4:      corexii_shack_village, minmay_goblin_kobold_house, uniq_robin,
          uniq_menkaure, uniq_natasha

Action                   |  1- 3 |  4- 6 || total
-------------------------+-------+-------++-------
Melee: Falchion          |    92 |   234 ||   326
Throw: Tomahawk          |    11 |    26 ||    37
Invok: Depart the Abyss  |     1 |       ||     1
  Use: Potion            |       |     5 ||     5
       Scroll            |       |     2 ||     2
  Eat: Chunk             |     1 |     9 ||    10
